 Dungeon Crawl Stone Soup version 0.21-a0-143-g1ab7d47 (webtiles) character file.

212083 drasked the Imperceptible (level 18, -3/100 HPs)
             Began as a Spriggan Enchanter on July 24, 2017.
             Was the Champion of Dithmenos.
             Killed from afar by a fire giant (51 damage)
             ... with a bolt of fire
             ... on level 1 of the Vaults on July 25, 2017.
             The game lasted 04:24:41 (42636 turns).

drasked the Imperceptible (Spriggan Enchanter)     Turns: 42636, Time: 04:24:42

Health: -3/100     AC: 11    Str:  8    XL:     18   Next: 23%
Magic:  10/31      EV: 35    Int: 25    God:    Dithmenos [******]
Gold:   1720       SH: 10    Dex: 18    Spells: 19/34 levels left

rFire    . . .     SeeInvis +   a - +2 dagger (elec)
rCold    + . .     Gourm    .   g - +3 buckler {reflect}
rNeg     . . .     Faith    .   N - +1 robe {rC+}
rPois    .         Spirit   .   G - +2 hat
rElec    .         Reflect  +   p - +0 cloak
rCorr    .         Harm     .   (gloves unavailable)
MR       +++..                  (boots unavailable)
Stlth    ++++++++++             W - amulet of magic regeneration
HPRegen  0.26/turn              O - ring of Vuwnum {+Inv Str+4 Dex+2}
MPRegen  0.47/turn              c - +5 ring of protection

@: about to teleport, wreathed by umbra, very quick
A: unfitting armour, see invisible, herbivore 3, speed 3, slow metabolism 2
}: 1/15 runes: barnacled
a: Shadow Step, Shadow Form, Renounce Religion, Evoke Invisibility


You were on level 1 of the Vaults.
You worshipped Dithmenos.
Dithmenos was exalted by your worship.
You were not hungry.

You visited 6 branches of the dungeon, and saw 29 of its levels.
You also visited: Labyrinth, Bailey and Ice Cave.

You collected 2744 gold pieces.
You spent 1024 gold pieces at shops.

Inventory:

Hand Weapons
 a - a +2 dagger of electrocution (weapon)
Missiles
 P - a tomahawk of dispersal {=f}
Armour
 g - a +3 buckler of reflection (worn)
   (You acquired it on level 1 of the Shoals)
 p - a +0 cloak (worn)
   (You found it on level 7 of the Dungeon)
 q - a +2 robe of positive energy
   (You took it off a merfolk impaler on level 1 of the Shoals)
 F - a +0 buckler of positive energy
   (You bought it in a shop on level 3 of the Shoals)
 G - a +2 hat (worn)
   (You acquired it on level 5 of the Lair of Beasts)
 N - a +1 robe of cold resistance (worn)
   (You took it off Fannar on level 2 of the Lair of Beasts)
Jewellery
 c - a +5 ring of protection (right hand)
   (You found it on level 7 of the Dungeon)
 t - the ring "Dagaotar" {rPois Str+6}
   (You found it on level 2 of the Shoals)

   [ring of poison resistance]

   It affects your strength (+6).
   It protects you from poison.
 H - an uncursed ring of fire {rF+, rC-}
   (You found it on level 1 of the Lair of Beasts)
 M - an uncursed ring of ice {rC+, rF-}
   (You took it off Fannar on level 2 of the Lair of Beasts)
 O - the ring of Vuwnum (left hand) {+Inv Str+4 Dex+2}
   (You bought it in a shop on level 5 of the Dungeon)

   [ring of strength]

   It affects your strength (+4).
   It affects your dexterity (+2).
   It lets you turn invisible.
 T - an uncursed ring of protection from magic {MR+, !d}
   (You found it on level 4 of the Shoals)
 W - an amulet of magic regeneration (around neck)
   (You found it on level 5 of the Lair of Beasts)
Wands
 v - a wand of digging (10/24)
   (You found it in a labyrinth)
 L - a wand of confusion (17/48)
   (You took it off an orc warrior on level 1 of the Vaults)
Scrolls
 b - a scroll of vulnerability {!r!r}
 f - 9 scrolls of identify
 j - 6 scrolls of enchant weapon
 k - 2 scrolls of blinking {!r}
 n - 17 scrolls of teleportation
 o - 15 scrolls of remove curse
 r - 2 scrolls of enchant armour
 s - 2 scrolls of magic mapping {!r}
 u - a scroll of fog
 y - a scroll of recharging
 E - a scroll of fear
 J - a scroll of amnesia
 S - a scroll of noise {unknown}
Potions
 e - 3 potions of might
 h - 9 potions of curing
 i - a potion of resistance
 l - 5 potions of cancellation
 m - 4 potions of magic
 w - a potion of invisibility
 x - 4 potions of brilliance
 z - 2 potions of agility
 A - 4 potions of heal wounds
 B - a potion of haste
 C - a potion of berserk rage {!q}
 I - a potion of ambrosia
 U - 3 potions of lignification {!q}
Miscellaneous
 K - a lightning rod (1/4)
   (You found it on level 12 of the Dungeon)
 Q - a phial of floods
   (You found it in a labyrinth)
Comestibles
 d - 12 bread rations {@e1}
 D - 11 royal jellies


   Skills:
 + Level 13.3 Fighting
 - Level 5.2 Short Blades
 - Level 20.4 Dodging
 + Level 22.0 Stealth
 - Level 4.0 Shields
 - Level 8.9 Spellcasting
 + Level 17.7 Hexes
 - Level 2.4 Summonings
 - Level 1.0 Ice Magic
 - Level 11.2 Evocations


You had 19 spell levels left.
You knew the following spells:

 Your Spells              Type           Power        Failure   Level  Hunger
a - Ensorcelled Hibernat  Hex/Ice        ######       1%          2    None
b - Dazzling Spray        Conj/Hex       ######       1%          3    None
c - Confuse               Hex            #######.     0%          3    None
d - Tukima's Dance        Hex            #######.     0%          3    None
e - Blink                 Tloc           N/A          11%         2    None
v - Corona                Hex            #######      0%          1    None
B - Summon Butterflies    Summ           ###.....     2%          1    None


Dungeon Overview and Level Annotations

Branches:
Dungeon (15/15)            Temple (1/1) D:7            Lair (6/6) D:9
 Shoals (4/4) Lair:2        Snake (0/4) Lair:3        Slime (0/5) Lair:5
    Orc (2/2) D:9             Elf (0/3) Orc:2        Vaults (1/5) D:14
 Depths (0/5) D:15

Altars:
Ashenzari
Cheibriados
Dithmenos
Elyvilon
Fedhas
Gozag
Hepliaklqana
Kikubaaqudgha
Makhleb
Nemelex Xobeh
Okawaru
Qazlal
Ru
Sif Muna
Trog
Uskayaw
Vehumet
Wu Jian
Xom
Yredelemnul
Zin
The Shining One

Shops:
D:5 =*   D:9 %   D:11 =   D:12 *   Orc:2 }(?:   Shoals:3 [   Shoals:4 *

Annotations:
Lair:4 exclusions: Rupert and oklob plant, Rupert


Innate Abilities, Weirdness & Mutations

You are very small and have problems with some larger weapons.
You are too small for most types of armour.
You have supernaturally acute eyesight. (SInv)
You are a herbivore.
You cover ground extremely quickly.
You need consume almost no food.


Message History

Aim: an ogre mage, wielding a flail and wearing a glowing robe (fast, umbra, chance to defeat MR: 33%)
The ogre mage resists with almost no effort.
Your shadow mimicks your spell!
The ogre mage resists with almost no effort.
The ogre mage completely misses you.
You now have 7/31 mp.
Things that are here:
a ring mail; a war axe; 8 stones You see here a stone.
Aim: an ogre mage, wielding a flail and wearing a glowing robe (fast, umbra, chance to defeat MR: 33%)
The ogre mage resists with almost no effort.
You block the ogre mage's attack.
You now have 6/31 mp.
The ogre mage points at you and mumbles some strange words.
You resist with almost no effort.
The ogre mage gestures at you while chanting.
You resist with almost no effort.
Aim: an ogre mage, wielding a flail and wearing a glowing robe (fast, umbra, chance to defeat MR: 47%)
The ogre mage resists with almost no effort.
You now have 5/31 mp.
Aim: an ogre mage, wielding a flail and wearing a glowing robe (fast, umbra, chance to defeat MR: 47%)
The ogre mage resists with almost no effort.
You block the ogre mage's attack.
You now have 3/31 mp.
You see here a stone.
Things that are here:
a ring mail; a falchion The ogre mage gestures at you while chanting.
You resist with almost no effort.
Things that are here:
a +1 robe of magic resistance; a quarterstaff of crushing The ogre mage points at you and mumbles some strange words.
The bolt of lightning hits you!
You emit a cloud of dark smoke.
The bolt of lightning misses you.
You take 24 damage, and have 76/100 hp.
MASSIVE DAMAGE!!
There is an open door here.
There is an open door here.
You block the ogre mage's attack. The ogre mage misses you.
You see here a ring of loudness {Stlth-}.
There is an open door here.
There is an open door here.
The ogre mage is no longer moving quickly.
Things that are here:
a plate armour; a short sword The ogre mage casts a spell at you.
The bolt of lightning misses you.
Things that are here:
a ring mail; a war axe; 8 stones
Things that are here:
a leather armour; a dagger
Things that are here:
a chain mail; a war axe; a whip An ironbrand convoker comes into view.
It is wielding a dire flail.
Aim: an ironbrand convoker, wielding a dire flail and wearing a ring mail (hasn't noticed you, umbra, chance to defeat MR: 79%)
The ironbrand convoker shouts!
The dire flail dances into the air!
You now have 18/31 mp.
Aim: an ironbrand convoker, wearing a ring mail (umbra, chance to defeat MR: 68%)
The ironbrand convoker appears confused.
Your dire flail hits the ironbrand convoker!
You now have 16/31 mp.
Your dire flail hits the ironbrand convoker!
Your dire flail hits the ironbrand convoker!
The fire giant gestures at you while chanting.
The bolt of fire hits your dire flail.
Your dire flail resists.
The bolt of fire misses you.
Your dire flail hits the ironbrand convoker!!
The ironbrand convoker dies!
Dithmenos accepts your kill.
Aim: a fire giant, wielding a great sword of flaming (umbra, chance to defeat MR: 22%)
The fire giant resists with almost no effort.
You now have 16/31 mp.
Aim: a fire giant, wielding a great sword of flaming (umbra, chance to defeat MR: 33%)
The fire giant easily resists.
Your shadow mimicks your spell!
The fire giant resists with almost no effort.
You block the fire giant's attack.
You now have 13/31 mp.
Aim: a fire giant, wielding a great sword of flaming (umbra, chance to defeat MR: 33%)
The fire giant easily resists.
You now have 10/31 mp.
Aim: a fire giant, wielding a great sword of flaming (umbra, chance to defeat MR: 33%)
The fire giant easily resists.
The fire giant gestures at you while chanting.
The fireball explodes!
The fireball engulfs you!
You emit a cloud of dark smoke.
The fireball engulfs the fire giant.
The fire giant resists.
You take 39 damage, and have 47/100 hp.
MASSIVE DAMAGE!!
You now have 8/31 mp.
As you read the scroll of teleportation, it crumbles to dust.
You feel strangely unstable. The fire giant completely misses you.
The fire giant gestures at you while chanting.
The bolt of fire hits you!
Ouch! That really hurt!
You die...

#.............##......#
#.............##......#
#.............##......#
##############'#####'###''## ####
......................##...###...
......................#.....#....
........§.............#.....'..⌠.
........§.............#...#######
O.......§..)....@.....##..# #####
#####'####'######.§[..###)###.#.#
u.......##§..>..#C§...##..##(....
........##....†.#§§...#...#......
........##......#§§...#..⌠##.....
.>......##......#.....#...'......
........##......#.....##..##.....
........##......#.....###'###.#.#
........##......#O....##..# #####


You could see a fire giant.

Vanquished Creatures
  Saint Roka (Vaults:1)
  Jorgrun (Vaults:1)
  A kraken (Shoals:1)
  Polyphemus (Shoals:4)
  Louise (D:14)
  3 vault wardens (Vaults:1)
  A caustic shrike skeleton (D:15)
  An ironheart preserver (Vaults:1)
  The ghost of Duffy the Destroyer, a journeyman DsFE of Vehumet (Lair:6)
  The ghost of braks the Basher, a journeyman OgWr of the Shining One (Lair:3)
  6 dire elephants (Lair:6)
  The ghost of Monsterracer the Cleaver, a journeyman DrBe of Trog (Lair:2)
  6 merfolk javelineers
  Snorg (Orc:1)
  7 merfolk impalers
  Josephine (D:14)
  A minotaur (Lab)
  2 great orbs of eyes (Vaults:1)
  A fire dragon (Vaults:1)
  12 vault guards
  Fannar (Lair:2)
  7 hydras
  An anaconda (Lair:6)
  7 merfolk avatars
  A catoblepas (Shoals:3)
  3 death knights
  4 merfolk aquamancers
  Erica (Orc:1)
  7 centaur warriors
  3 satyrs
  22 two-headed ogres
  2 alligator snapping turtles (Shoals:4)
  2 death yaks (Shoals:4)
  3 ogre magi
  Urug (Orc:1)
  A vampire mage (D:15)
  2 deep elf knights
  Nergalle (D:11)
  17 sea snakes
  3 skeletal warriors (D:14)
  4 unseen horrors
  2 deep trolls (Orc:2)
  4 phantasmal warriors
  2 ironbrand convokers (Vaults:1)
  3 wizards
  A necromancer (Vaults:1)
  A flayed ghost (Vaults:1)
  A lindwurm (shapeshifter) (D:15)
  5 harpies
  Pikel (D:7)
  A tengu zombie (D:15)
  6 orc knights
  2 orc sorcerers
  5 fauns
  15 manticores
  9 deep elf magi (Bailey)
  A frost giant zombie (D:15)
  9 cyclopes
  7 ugly things
  2 wolf spiders (Vaults:1)
  4 vault sentinels (Vaults:1)
  5 centaur skeletons
  8 merfolk sirens
  9 elephants (Lair:6)
  8 black mambas
  6 gargoyles
  4 centaur zombies
  A torpor snail (Lair:6)
  9 spiny frogs
  The ghost of Slowdrip the Skirmisher, a novice FoAK of Lugonu (D:5)
  10 water nymphs
  3 rime drakes
  A yaktaur (Vaults:1)
  A rime drake (shapeshifter) (D:15)
  6 ice devils (IceCv)
  2 komodo dragons
  2 human zombies (Vaults:1)
  2 golden dragon simulacra (IceCv)
  3 anaconda simulacra (IceCv)
  3 freezing wraiths (IceCv)
  A guardian mummy (D:15)
  A polar bear (Lair:4)
  A queen bee (D:11)
  40 merfolk
  2 hornets
  12 trolls
  A wolf spider simulacrum (IceCv)
  Grinder (D:6)
  5 wind drakes
  8 dream sheep
  14 blink frogs
  A meliai zombie (D:10)
  11 hippogriffs
  13 slime creatures
  4 centaur simulacra
  14 snapping turtles
  A spriggan skeleton (D:15)
  2 redbacks (Lab)
  8 wraiths
  A wyvern (shapeshifter) (Vaults:1)
  A dire elephant simulacrum (IceCv)
  A shadow (D:14)
  6 water elementals
  7 wyverns
  4 basilisks
  49 yaks
  12 vampire mosquitoes
  A steam dragon (D:12)
  5 wargs
  2 nagas (Lair:3)
  5 hydra simulacra (IceCv)
  20 water moccasins
  2 acid dragons
  8 porcupines
  An iron troll simulacrum (IceCv)
  Duvessa (D:4)
  An ogre skeleton (Vaults:1)
  4 black bears
  23 orc warriors
  3 eyes of draining
  5 sky beasts
  2 ice beasts
  4 phantoms
  An ettin simulacrum (IceCv)
  5 boggarts (D:14)
  15 wolves
  35 ogres
  20 centaurs
  13 crocodiles
  An elf skeleton (Vaults:1)
  An elf simulacrum (Vaults:1)
  Blork the orc (D:5)
  13 bullfrogs
  A gnoll sergeant (D:5)
  A glowing shapeshifter simulacrum (Vaults:1)
  Dowan (D:4)
  3 scorpions
  A wyvern skeleton (D:14)
  18 killer bees (D:11)
  8 howler monkeys
  An electric eel (Lair:1)
  9 crimson imps
  A quasit (D:10)
  6 hounds
  A gnoll shaman (D:5)
  17 orc priests
  5 jellies
  23 orc wizards
  A bullfrog skeleton (D:10)
  9 worker ants
  6 iguanas
  3 troll simulacra (IceCv)
  2 spriggan simulacra (IceCv)
  3 wolf simulacra (IceCv)
  A polar bear simulacrum (IceCv)
  A hound skeleton (D:8)
  A hound zombie (D:9)
  A howler monkey zombie (D:8)
  A worker ant zombie (D:8)
  9 gnolls
  12 adders
  5 ogre simulacra
  A shadow imp (D:8)
  3 white imps (IceCv)
  2 ufetubi (IceCv)
  4 oozes
  An adder skeleton (D:5)
  2 adder zombies
  2 worms
  3 dart slugs
  8 leopard geckos
  76 orcs
  12 bats
  3 giant cockroaches
  8 hobgoblins
  4 jackals (D:4)
  5 kobolds
  5 quokkas
  A ball python (D:3)
  4 frilled lizards
  7 goblins
  5 rats
  2 plants (Lair:6)
1030 creatures vanquished.

Vanquished Creatures (collateral kills)
  A skeletal warrior (D:15)
  2 ironbrand convokers (Vaults:1)
  A necromancer (D:15)
4 creatures vanquished.

Vanquished Creatures (others)
  Ilsuiw (Shoals:4)
  3 dancing weapons (D:14)
  2 centaurs (D:13)
  A howler monkey (D:13)
  A bullfrog zombie (D:13)
  2 white imps (IceCv)
  2 ufetubi (IceCv)
  A bush (Lair:6)
  10 fungi
  24 plants
  11 tentacles (Shoals:1)
58 creatures vanquished.

Grand Total: 1092 creatures vanquished

Notes
Turn   | Place    | Note
-------+----------+-------------------------------------------
     0 | D:1      | drasked the Spriggan Enchanter began the quest for the Orb.
     0 | D:1      | Reached XP level 1. HP: 9/9 MP: 5/5
   134 | D:1      | Reached skill level 3 in Spellcasting
   539 | D:1      | Reached XP level 2. HP: 13/13 MP: 5/7
   543 | D:1      | Learned a level 2 spell: Ensorcelled Hibernation
   996 | D:1      | Reached skill level 4 in Hexes
  1330 | D:1      | Reached skill level 4 in Spellcasting
  1415 | D:1      | Reached XP level 3. HP: 11/16 MP: 7/9
  1569 | D:1      | Learned a level 3 spell: Confuse
  1820 | D:2      | HP: 4/16 [poisoned by an adder]
  1825 | D:2      | HP: 3/16 [poisoned by an adder]
  2144 | D:2      | HP: 4/16 [worm (12)]
  2380 | D:2      | Reached XP level 4. HP: 19/21 MP: 8/11
  2394 | D:2      | Found a shimmering altar of Xom.
  2971 | D:2      | Reached skill level 1 in Ice Magic
  3496 | D:3      | Reached skill level 5 in Spellcasting
  3602 | D:3      | Found a faded altar of an unknown god.
  3850 | D:3      | Reached XP level 5. HP: 24/24 MP: 8/13
  3948 | D:3      | HP: 4/24 [orc wizard/puff of flame (6)]
  4245 | D:3      | Reached skill level 5 in Hexes
  4555 | D:3      | Reached skill level 6 in Spellcasting
  5132 | D:4      | Noticed a phantom
  5135 | D:4      | Reached XP level 6. HP: 28/28 MP: 16/16
  5929 | D:4      | Noticed Duvessa
  5929 | D:4      | Noticed Dowan
  6260 | D:4      | Killed Duvessa
  6260 | D:4      | Reached skill level 7 in Spellcasting
  6403 | D:4      | Killed Dowan
  6497 | D:5      | Entered Level 5 of the Dungeon
  6696 | D:5      | Noticed Blork the orc
  6708 | D:5      | Noticed Slowdrip's ghost (novice FoAK)
  6709 | D:5      | Reached skill level 6 in Hexes
  6709 | D:5      | Reached XP level 7. HP: 32/32 MP: 16/19
  6760 | D:5      | Killed Slowdrip's ghost
  6760 | D:5      | Reached skill level 8 in Spellcasting
  6875 | D:5      | Found Gemimpou's Jewellery Emporium.
  6884 | D:5      | Bought a cursed ring of teleportation for 45 gold pieces
  6946 | D:5      | Reached skill level 7 in Hexes
  6956 | D:5      | Killed Blork the orc
  6956 | D:5      | Reached skill level 5 in Stealth
  6956 | D:5      | Reached XP level 8. HP: 31/36 MP: 12/21
  7005 | D:5      | Reached skill level 4 in Dodging
  7338 | D:5      | Found Tyergh's General Store.
  7346 | D:5      | Bought a scroll of teleportation for 33 gold pieces
  7758 | D:6      | Reached skill level 2 in Short Blades
  7758 | D:6      | Reached skill level 8 in Hexes
  7946 | D:6      | Noticed Grinder
  7967 | D:6      | Killed Grinder
  7967 | D:6      | Reached skill level 5 in Dodging
  7967 | D:6      | Reached skill level 6 in Stealth
  7980 | D:6      | Found a shadowy altar of Dithmenos.
  8184 | D:6      | Reached skill level 3 in Short Blades
  8541 | D:7      | Learned a level 3 spell: Dazzling Spray
  8545 | D:7      | Learned a level 3 spell: Tukima's Dance
  8585 | D:7      | Found a staircase to the Ecumenical Temple.
  8595 | Temple   | Entered the Ecumenical Temple
  8744 | Temple   | Became a worshipper of Dithmenos the Shadowed
  8823 | D:7      | Reached skill level 9 in Hexes
  8937 | D:7      | Reached XP level 9. HP: 25/39 MP: 5/22
  8938 | D:7      | Reached skill level 6 in Dodging
  9123 | D:7      | Reached skill level 7 in Stealth
  9776 | D:7      | Reached skill level 4 in Short Blades
  9803 | D:7      | Noticed Pikel
  9817 | D:7      | Killed Pikel
  9817 | D:7      | Reached skill level 7 in Dodging
  9817 | D:7      | Reached skill level 8 in Stealth
  9817 | D:7      | Reached skill level 10 in Hexes
 10014 | D:8      | Reached * piety under Dithmenos
 10161 | D:8      | Reached skill level 5 in Short Blades
 10410 | D:8      | Reached skill level 9 in Stealth
 10656 | D:9      | Reached skill level 8 in Dodging
 10676 | D:9      | Reached skill level 11 in Hexes
 10676 | D:9      | Reached XP level 10. HP: 43/44 MP: 21/23
 10867 | D:9      | Found a staircase to the Orcish Mines.
 10886 | D:9      | Found Vumnenk's Food Shoppe.
 10906 | D:9      | Reached skill level 9 in Dodging
 10906 | D:9      | Reached skill level 10 in Stealth
 11154 | D:9      | Noticed a two-headed ogre
 11159 | D:9      | Killed a two-headed ogre
 11159 | D:9      | Reached skill level 12 in Hexes
 11199 | D:9      | Reached ** piety under Dithmenos
 11418 | D:9      | Reached skill level 1 in Fighting
 11630 | D:9      | Found a staircase to the Lair.
 11633 | D:9      | Reached skill level 10 in Dodging
 11677 | D:10     | Entered Level 10 of the Dungeon
 11728 | D:10     | Reached skill level 11 in Stealth
 11991 | D:10     | Noticed a gargoyle
 12019 | D:10     | Killed a gargoyle
 12019 | D:10     | Reached skill level 2 in Fighting
 12033 | D:10     | Noticed a two-headed ogre
 12051 | D:10     | Killed a two-headed ogre
 12051 | D:10     | Reached XP level 11. HP: 51/51 MP: 14/24
 12060 | D:10     | Reached skill level 3 in Fighting
 12060 | D:10     | Reached skill level 12 in Stealth
 12270 | D:10     | Noticed a two-headed ogre
 12290 | D:10     | Killed a two-headed ogre
 12290 | D:10     | Reached skill level 11 in Dodging
 12637 | D:10     | Noticed a two-headed ogre
 12644 | D:10     | Killed a two-headed ogre
 12678 | D:10     | Reached skill level 4 in Fighting
 12727 | Lair:1   | Entered Level 1 of the Lair of Beasts
 12782 | Lair:1   | Reached *** piety under Dithmenos
 12784 | Lair:1   | Reached skill level 13 in Stealth
 13074 | Lair:1   | Reached skill level 12 in Dodging
 13291 | Lair:2   | Noticed Monsterracer's ghost (journeyman DrBe)
 13323 | Lair:2   | Killed Monsterracer's ghost
 13347 | Lair:2   | Noticed a four-headed hydra
 13354 | Lair:2   | Killed a four-headed hydra
 13449 | Lair:2   | Noticed Fannar
 13469 | Lair:2   | Killed Fannar
 13469 | Lair:2   | Reached skill level 5 in Fighting
 13825 | Lair:2   | Reached skill level 14 in Stealth
 13936 | Lair:2   | Reached skill level 13 in Dodging
 14023 | Lair:2   | Reached XP level 12. HP: 60/60 MP: 19/25
 14188 | Lair:2   | Found a staircase to the Shoals.
 14742 | Lair:3   | Noticed braks's ghost (journeyman OgWr)
 14782 | Lair:3   | Killed braks's ghost
 14782 | Lair:3   | Reached skill level 1 in Shields
 15178 | Lair:3   | Found a staircase to the Snake Pit.
 15183 | Lair:3   | Reached skill level 6 in Fighting
 15186 | Lair:3   | Reached **** piety under Dithmenos
 15600 | Lair:4   | Reached skill level 2 in Shields
 15907 | Lair:4   | Reached skill level 14 in Dodging
 16097 | Lair:4   | Noticed Rupert
 16153 | Lair:4   | Reached skill level 15 in Stealth
 16584 | Lair:5   | Noticed a five-headed hydra
 16594 | Lair:5   | Killed a five-headed hydra
 16651 | Lair:5   | Got a slimy arbalest
 16719 | Lair:5   | Reached skill level 3 in Shields
 16881 | Lair:5   | Found a staircase to the Slime Pits.
 17578 | Lair:5   | Identified a scroll of acquirement
 17625 | Lair:6   | Entered Level 6 of the Lair of Beasts
 17630 | Lair:6   | Noticed a four-headed hydra
 17644 | Lair:6   | Reached skill level 7 in Fighting
 17735 | Lair:6   | Reached XP level 13. HP: 67/67 MP: 15/26
 17881 | Lair:6   | Reached skill level 16 in Stealth
 17881 | Lair:6   | Reached skill level 4 in Shields
 17898 | Lair:6   | Reached ***** piety under Dithmenos
 17951 | Lair:6   | Noticed Duffy's ghost (journeyman DsFE)
 17991 | Lair:6   | Noticed a reaper
 18053 | Lair:6   | Reached skill level 15 in Dodging
 18097 | Lair:6   | Killed Duffy's ghost
 18615 | Lair:6   | Reached skill level 8 in Fighting
 19151 | Lair:6   | Reached skill level 17 in Stealth
 19152 | Lair:6   | Noticed a dire elephant
 19152 | Lair:6   | Noticed a dire elephant
 19158 | Lair:6   | Noticed a dire elephant
 19178 | Lair:6   | Noticed a dire elephant
 19184 | Lair:6   | Noticed a dire elephant
 19643 | D:5      | Bought the ring of Vuwnum {+Inv Str+4 Dex+2} for 452 gold pieces
 20076 | Lair:6   | Killed a dire elephant
 20076 | Lair:6   | Reached skill level 2 in Evocations
 20320 | Lair:6   | Reached skill level 3 in Evocations
 20389 | Lair:6   | Killed a dire elephant
 20389 | Lair:6   | Reached skill level 4 in Evocations
 20416 | Lair:6   | Reached skill level 5 in Evocations
 20449 | Lair:6   | Killed a dire elephant
 20543 | Lair:6   | Noticed a dire elephant
 20662 | Lair:6   | Killed a dire elephant
 20662 | Lair:6   | Reached skill level 6 in Evocations
 20669 | Lair:6   | Reached skill level 7 in Evocations
 20924 | Lair:6   | Reached skill level 8 in Evocations
 21031 | Lair:6   | Killed a dire elephant
 21230 | Lair:6   | Reached skill level 9 in Evocations
 21278 | Lair:6   | Reached XP level 14. HP: 59/73 MP: 9/27
 21521 | Lair:6   | Got a bloodstained spear
 21524 | Lair:6   | Got a distressingly furry scarf
 21535 | Lair:6   | Identified the scarf of the Several Dreams {rC- Int+3 Slay+3} (You acquired it on level 6 of the Lair of Beasts)
 21714 | Orc:1    | Entered Level 1 of the Orcish Mines
 21714 | Orc:1    | Noticed Erica
 21721 | Orc:1    | Killed Erica
 21752 | Orc:1    | Found a flagged portal.
 21780 | Bailey   | Entered a bailey
 21807 | Bailey   | Reached skill level 16 in Dodging
 21985 | Bailey   | Identified the Guide on Supportive Flight
 22324 | Orc:1    | Noticed Snorg
 22331 | Orc:1    | Killed Snorg
 22440 | Orc:1    | Learned a level 1 spell: Summon Butterflies
 22471 | Orc:1    | Noticed Urug
 22473 | Orc:1    | Killed Urug
 22473 | Orc:1    | Reached skill level 1 in Summonings
 22836 | Orc:2    | Entered Level 2 of the Orcish Mines
 23008 | Orc:2    | Reached ****** piety under Dithmenos
 23130 | Orc:2    | Found Ejeinid's Magic Scroll Boutique.
 23148 | Orc:2    | Reached skill level 2 in Summonings
 23406 | Orc:2    | Reached skill level 9 in Fighting
 23406 | Orc:2    | Reached skill level 10 in Evocations
 23623 | Orc:2    | Found a staircase to the Elven Halls.
 23834 | Orc:2    | Reached skill level 18 in Stealth
 24018 | Orc:2    | Reached skill level 11 in Evocations
 24156 | Orc:2    | Found Voaneisk's Gadget Shop.
 24178 | Orc:2    | Found Weiraqam's Book Shoppe.
 24188 | Orc:2    | Found Ywiurako's Weapon Boutique.
 24519 | Orc:2    | Bought a scroll of magic mapping for 45 gold pieces
 24519 | Orc:2    | Bought a scroll of teleportation for 39 gold pieces
 24519 | Orc:2    | Bought a scroll of blinking for 97 gold pieces
 24519 | Orc:2    | Bought a scroll of teleportation for 39 gold pieces
 24519 | Orc:2    | Bought a scroll of teleportation for 39 gold pieces
 24519 | Orc:2    | Bought a scroll of teleportation for 39 gold pieces
 24519 | Orc:2    | Bought a scroll of teleportation for 39 gold pieces
 24678 | D:11     | Found a hazy altar of Hepliaklqana.
 24826 | D:11     | Reached XP level 15. HP: 80/80 MP: 28/28
 24994 | D:11     | Noticed Nergalle
 25111 | D:11     | Killed Nergalle
 25218 | D:11     | Found Dohinom's Jewellery Boutique.
 25701 | D:12     | Reached skill level 13 in Hexes
 26192 | D:12     | Found Ltitwadoyn's Luxury Loot.
 26221 | D:12     | Reached skill level 19 in Stealth
 26564 | D:13     | Reached skill level 10 in Fighting
 26629 | D:13     | Reached skill level 17 in Dodging
 27348 | D:14     | Noticed Josephine
 27457 | D:14     | Noticed Louise
 27502 | D:14     | Killed Louise
 27510 | D:14     | Killed Josephine
 27772 | D:14     | Found a gate to the Vaults.
 28316 | D:14     | Reached skill level 14 in Hexes
 28587 | D:15     | Entered Level 15 of the Dungeon
 28591 | D:15     | Found a staircase to the Depths.
 28621 | D:15     | Found a labyrinth entrance.
 28630 | Lab      | Entered a labyrinth
 28921 | Lab      | drasked: @!!gargoyle
 28929 | Lab      | Reached skill level 20 in Stealth
 29074 | D:15     | Reached XP level 16. HP: 86/86 MP: 25/29
 29227 | D:15     | Reached skill level 18 in Dodging
 29397 | D:15     | Reached skill level 11 in Fighting
 29572 | D:15     | Found a blossoming altar of Fedhas.
 30091 | Shoals:1 | Entered Level 1 of the Shoals
 30178 | Shoals:1 | Noticed a kraken
 30212 | Shoals:1 | Killed a kraken
 30506 | Shoals:1 | HP: 11/87 [water nymph/the raging water (22)]
 31607 | Shoals:2 | Got a scorched bone ring
 31613 | Shoals:2 | Identified the ring "Dagaotar" {rPois Str+6} (You found it on level 2 of the Shoals)
 31649 | Shoals:2 | Reached skill level 15 in Hexes
 32188 | Shoals:3 | Found a frozen archway.
 32288 | IceCv    | Entered an ice cave
 32694 | IceCv    | Reached skill level 21 in Stealth
 32971 | IceCv    | Noticed an Ice Fiend
 33960 | Shoals:3 | Learned a level 2 spell: Blink
 34603 | Shoals:3 | Reached skill level 19 in Dodging
 34869 | Shoals:3 | Found Erphagg's Antique Armour Emporium.
 34898 | Shoals:3 | Bought a glowing buckler for 157 gold pieces
 35231 | Shoals:4 | Entered Level 4 of the Shoals
 35248 | Shoals:4 | Reached XP level 17. HP: 93/93 MP: 30/30
 35299 | Shoals:4 | Found Tialoal's General Store.
 35323 | Shoals:4 | Noticed Ilsuiw
 35426 | Shoals:4 | Reached skill level 12 in Fighting
 35797 | Shoals:4 | Noticed Polyphemus
 36858 | Shoals:3 | Reached skill level 16 in Hexes
 37177 | Shoals:4 | Killed Ilsuiw
 37382 | Shoals:4 | Killed Polyphemus
 37674 | Shoals:4 | Reached skill level 20 in Dodging
 38187 | Shoals:4 | HP: 16/94 [merfolk/trident (11)]
 38817 | Shoals:4 | HP: 21/94 [water nymph/the raging water (18)]
 39588 | Shoals:4 | Got a barnacled rune of Zot
 39858 | Vaults:1 | Entered Level 1 of the Vaults
 40114 | Vaults:1 | Reached skill level 17 in Hexes
 40354 | Vaults:1 | Reached skill level 13 in Fighting
 40599 | Vaults:1 | Noticed Jorgrun
 40606 | Vaults:1 | Killed Jorgrun
 40664 | Vaults:1 | Noticed Saint Roka
 40726 | Vaults:1 | Killed Saint Roka
 40726 | Vaults:1 | Reached XP level 18. HP: 39/100 MP: 7/31
 42488 | Vaults:1 | Reached skill level 22 in Stealth
 42636 | Vaults:1 | Killed from afar by a fire giant

Vault maps used:
D:1:      minmay_arrival_plants_in_alcoves
D:2:      nicolae_overflow_hidden_temple, serial_forest,
          infiniplex_forest_clump_small, infiniplex_forest_straight_3,
          infiniplex_forest_end_3, infiniplex_forest_lined_corner,
          infiniplex_forest_join, infiniplex_forest_lined_corner,
          infiniplex_forest_lined_2, infiniplex_forest_end_double,
          infiniplex_forest_straight_2
D:3:      chequers_ecumenical_altar_island, first_bread
D:4:      uniq_duvessa
D:5:      serial_shops, nicolae_shop_temple_entry_statues_fountains,
          serial_gnoll_camp, gnoll_camp_mini_hut, gnoll_camp_mini_hut,
          gnoll_camp_mini_house, gnoll_camp_mini_shop, uniq_blork_the_orc
D:6:      grunt_dithmenos_smoke_and_mirrors, uniq_grinder
D:7:      minmay_temple_entry_mist, uniq_pikel
D:9:      grunt_lair_entry_orc_guard_hut, serial_shops, shop
D:11:     basic_altar, serial_shops, nicolae_shop_trees, david_nohive_1,
          uniq_nergalle
D:12:     nicolae_alphabet_shops, minmay_orc_keep
D:14:     erik_vaults_2, hangedman_decor_points, uniq_louise, uniq_josephine
D:15:     gammafunk_depths_entry_grave, lab_entry_generic,
          minmay_misc_feat_enclosed, fedhas_altar_fruit_tree
Temple:   grunt_wide_crystal_templ
Lair:1:   serial_bayou_shore_a
Lair:2:   minmay_shoals_entry_hut, uniq_fannar
Lair:3:   guppyfry_snake_entry_garden
Lair:4:   lemuel_fruit_tree, uniq_rupert
Lair:5:   nicolae_slime_entry_slimehenge, grunt_megastairs_5
Lair:6:   due_jungle_book, infiniplex_staircase_pool, grunt_megastairs_1
Shoals:3: serial_shops, shop_fountains, portal_ice_cave_entry_pillars_four,
          nicolae_shoals_wave_tunnel
Shoals:4: shoals_end_grunt_ice, shoals_ilsuiw_ice, serial_shops,
          nicolae_shop_behind_doors, uniq_ilsuiw, uniq_polyphemus
Orc:1:    enter_bailey_1, nicolae_orc_stony_grotto, uniq_erica, uniq_urug,
          uniq_snorg
Orc:2:    st_orc_open
Vaults:1: st_eye, ontoclasm_vaults_claustrophobia, v_misc_2, v_rooms_5,
          nicolae_vaults_inception_scallops, ontoclasm_vaults_chip, v_pattern_4,
          v_misc_4, vaults_room_hallway, nicolae_vaults_alarming,
          vaults_room_pools, ontoclasm_vaults_tryst, vaults_room_semicircle,
          basic_altar, uniq_jorgrun, uniq_saint_roka
Lab:      nicolae_lab_hexagon, nicolae_lab_checkerboard, nicolae_lab_big_swirl,
          labyrinth_skeletal_remains, nicolae_lab_very_dead_end
Bailey:   bailey_polearm_3, bailey
IceCv:    ice_cave_caverns_03

Skill      XL: |  1  2  3  4  5  6  7  8  9 10 11 12 13 14 15 16 17 18 |
---------------+-------------------------------------------------------+-----
Spellcasting   | 3 4 5 6 7 8 |  8.9
Hexes          | 4 5 6 7 9 11 12 14 15 17 | 17.7
Ice Magic      | 1 |  1.0
Stealth        | 5 6 9 11 14 15 17 18 20 21 22 | 22.0
Dodging        | 5 8 10 13 14 15 16 17 19 20 | 20.4
Short Blades   | 3 5 |  5.2
Fighting       | 2 5 7 8 9 10 11 13 | 13.3
Shields        | 3 4 |  4.0
Evocations     | 9 11 | 11.2
Summonings     | 2 |  2.4

Action                   |  1- 3 |  4- 6 |  7- 9 | 10-12 | 13-15 | 16-18 || total
-------------------------+-------+-------+-------+-------+-------+-------++-------
Melee: Dagger            |   106 |   146 |   174 |   291 |   882 |   700 ||  2299
 Cast: Corona            |    16 |       |       |       |     1 |       ||    17
       Ensorcelled Hiber |    22 |    83 |    72 |   150 |   383 |   241 ||   951
       Confuse           |       |    14 |    32 |    28 |   125 |   210 ||   409
       Dazzling Spray    |       |       |       |     7 |    34 |   142 ||   183
       Tukima's Dance    |       |       |       |       |    12 |     8 ||    20
       Summon Butterflie |       |       |       |       |       |     1 ||     1
Invok: Shadow Step       |       |       |       |       |       |     3 ||     3
       Shadow Form       |       |       |       |       |       |     1 ||     1
 Abil: Evoke Invisibilit |       |       |       |       |    12 |     4 ||    16
Evoke: Lightning rod     |       |       |       |       |       |     3 ||     3
       Phial of floods   |       |       |       |       |       |     1 ||     1
  Use: Scroll            |       |       |    12 |     6 |    14 |    15 ||    47
       Potion            |       |       |       |       |       |     7 ||     7
 Stab: Sleeping          |    18 |    44 |    49 |   144 |   282 |   190 ||   727
       Confused          |       |     6 |    28 |    26 |    43 |    79 ||   182
       Invisible         |       |       |       |     2 |    54 |    37 ||    93
       Distracted        |       |       |       |       |     3 |     2 ||     5
  Eat: Bread ration      |       |     1 |       |       |       |       ||     1
       Fruit             |       |       |     4 |     2 |    11 |    15 ||    32
       Royal jelly       |       |       |       |     1 |     3 |     1 ||     5
Armor: Robe              |    15 |    10 |     9 |     3 |    35 |    22 ||    94
Dodge: Dodged            |    97 |   116 |    55 |   148 |   582 |   486 ||  1484
Block: Buckler           |       |       |       |    20 |   227 |   245 ||   492
       Reflection        |       |       |       |       |       |    25 ||    25

Vault maps used:
D:1:      minmay_arrival_plants_in_alcoves
D:2:      nicolae_overflow_hidden_temple, serial_forest,
          infiniplex_forest_clump_small, infiniplex_forest_straight_3,
          infiniplex_forest_end_3, infiniplex_forest_lined_corner,
          infiniplex_forest_join, infiniplex_forest_lined_corner,
          infiniplex_forest_lined_2, infiniplex_forest_end_double,
          infiniplex_forest_straight_2
D:3:      chequers_ecumenical_altar_island, first_bread
D:4:      uniq_duvessa
D:5:      serial_shops, nicolae_shop_temple_entry_statues_fountains,
          serial_gnoll_camp, gnoll_camp_mini_hut, gnoll_camp_mini_hut,
          gnoll_camp_mini_house, gnoll_camp_mini_shop, uniq_blork_the_orc
D:6:      grunt_dithmenos_smoke_and_mirrors, uniq_grinder
D:7:      minmay_temple_entry_mist, uniq_pikel
D:9:      grunt_lair_entry_orc_guard_hut, serial_shops, shop
D:11:     basic_altar, serial_shops, nicolae_shop_trees, david_nohive_1,
          uniq_nergalle
D:12:     nicolae_alphabet_shops, minmay_orc_keep
D:14:     erik_vaults_2, hangedman_decor_points, uniq_louise, uniq_josephine
D:15:     gammafunk_depths_entry_grave, lab_entry_generic,
          minmay_misc_feat_enclosed, fedhas_altar_fruit_tree
Temple:   grunt_wide_crystal_templ
Lair:1:   serial_bayou_shore_a
Lair:2:   minmay_shoals_entry_hut, uniq_fannar
Lair:3:   guppyfry_snake_entry_garden
Lair:4:   lemuel_fruit_tree, uniq_rupert
Lair:5:   nicolae_slime_entry_slimehenge, grunt_megastairs_5
Lair:6:   due_jungle_book, infiniplex_staircase_pool, grunt_megastairs_1
Shoals:3: serial_shops, shop_fountains, portal_ice_cave_entry_pillars_four,
          nicolae_shoals_wave_tunnel
Shoals:4: shoals_end_grunt_ice, shoals_ilsuiw_ice, serial_shops,
          nicolae_shop_behind_doors, uniq_ilsuiw, uniq_polyphemus
Orc:1:    enter_bailey_1, nicolae_orc_stony_grotto, uniq_erica, uniq_urug,
          uniq_snorg
Orc:2:    st_orc_open
Vaults:1: st_eye, ontoclasm_vaults_claustrophobia, v_misc_2, v_rooms_5,
          nicolae_vaults_inception_scallops, ontoclasm_vaults_chip, v_pattern_4,
          v_misc_4, vaults_room_hallway, nicolae_vaults_alarming,
          vaults_room_pools, ontoclasm_vaults_tryst, vaults_room_semicircle,
          basic_altar, uniq_jorgrun, uniq_saint_roka
Lab:      nicolae_lab_hexagon, nicolae_lab_checkerboard, nicolae_lab_big_swirl,
          labyrinth_skeletal_remains, nicolae_lab_very_dead_end
Bailey:   bailey_polearm_3, bailey
IceCv:    ice_cave_caverns_03

Table legend:
 A = Turns spent in this place as a percentage of turns spent in the entire game.
 B = Non-inter-level travel turns spent in this place as a percentage of non-inter-level travel turns spent in the entire game.
 C = Inter-level travel turns spent in this place as a percentage of turns spent in this place.
 D = Turns resting spent in this place as a percentage of non-inter-level travel turns spent in this place.
 E = Turns spent auto-exploring this place as a percentage of non-inter-level travel turns spent in this place.
 F = Non-inter-level travel turns spent in this place divided by the number of levels of this place that you've seen.
                   A       B       C       D       E      F
               +-------+-------+-------+-------+-------+----------------------
         Total | 100.0 | 100.0 |   0.3 |   1.8 |   4.2 | 595.4
       Dungeon |  38.2 |  38.2 |   0.4 |   2.0 |   6.3 | 485.3
        Temple |   0.7 |   0.7 |   0.8 |   0.0 |  14.4 | 132.0
          Lair |  18.8 |  18.7 |   0.4 |   0.9 |   4.3 | 595.0
        Shoals |  22.7 |  22.7 |   0.2 |   2.1 |   1.2 | 1082.5
  Orcish Mines |   5.8 |   5.8 |   0.5 |   2.0 |   6.8 | 555.5
        Vaults |   7.1 |   7.1 |   0.0 |   1.9 |   3.6 | 1350.0
     Labyrinth |   2.3 |   2.3 |   0.0 |   0.0 |   0.0 | 441.0
        Bailey |   1.4 |   1.4 |   0.0 |   1.5 |   0.0 | 260.0
      Ice Cave |   3.0 |   3.0 |   0.0 |   4.1 |   0.7 | 581.0
               +-------+-------+-------+-------+-------+----------------------

Table legend:
 A = Kills in this place as a percentage of kills in entire the game.
 B = Kills by you in this place as a percentage of kills by you in the entire game.
 C = Kills by friends in this place as a percentage of kills by friends in the entire game.
 D = Other kills in this place as a percentage of other kills in the entire game.
 E = Experience gained in this place as a percentage of experience gained in the entire game.
 F = Experience gained in this place divided by the number of levels of this place that you have seen.
                   A       B       C       D       E      F
               +-------+-------+-------+-------+-------+----------------------
         Total | 100.0 | 100.0 | 100.0 | 100.0 | 100.0 | 9694.0
       Dungeon |  43.8 |  43.5 |  50.0 |  66.7 |  26.1 | 5394.6
          Lair |  16.5 |  16.8 |   0.0 |   0.0 |  16.5 | 8508.0
        Shoals |  16.2 |  16.2 |   0.0 |  25.0 |  29.6 | 22934.2
  Orcish Mines |   9.0 |   9.0 |   0.0 |   8.3 |   8.5 | 13109.0
        Vaults |   8.6 |   8.5 |  50.0 |   0.0 |  14.4 | 44824.0
     Labyrinth |   0.7 |   0.7 |   0.0 |   0.0 |   1.0 | 3130.0
        Bailey |   1.0 |   1.0 |   0.0 |   0.0 |   1.9 | 5897.0
      Ice Cave |   4.3 |   4.3 |   0.0 |   0.0 |   2.1 | 6436.0
               +-------+-------+-------+-------+-------+----------------------
